 Dungeon Crawl Stone Soup version 0.26.1-10-gdfb7c7de75 (webtiles) character file.

Game seed: 4356897049896314280

21 septik the Sneak (level 2, -6/14 HPs)
             Began as a Spriggan Enchanter on Apr 2, 2021.
             Killed from afar by a white imp (8 damage)
             ... with a puff of frost
             ... summoned by Natasha
             ... on level 2 of the Dungeon.
             The game lasted 00:06:49 (1049 turns).

septik the Sneak (Spriggan Enchanter)               Turns: 1049, Time: 00:06:50

Health: -6/14      AC:  2    Str:  4    XL:     2   Next: 62%
Magic:  6/6        EV: 18    Int: 16    God:
Gold:   72         SH:  0    Dex: 16    Spells: 5/6 levels left

rFire    . . .     SeeInvis +   a - +1 dagger
rCold    . . .     Faith    .   (shield restricted)
rNeg     . . .     Spirit   .   b - +0 robe
rPois    .         Reflect  .   (helmet restricted)
rElec    .         Harm     .   (no cloak)
rCorr    .         Rampage  .   (gloves unavailable)
Will     .....                  (boots unavailable)
Stlth    +++.......             (no amulet)
HPRegen  0.04/turn              (no ring)
MPRegen  0.10/turn              (no ring)

@: very quick
A: very small, unfitting armour, see invisible, speed 3
a: no special abilities


You were on level 2 of the Dungeon.
You visited 1 branch of the dungeon, and saw 2 of its levels.

You collected 72 gold pieces.

Inventory:

Hand Weapons
 a - a +1 dagger (weapon)
Missiles
 c - 23 stones
Armour
 b - a +0 robe (worn)
Scrolls
 e - a scroll of identify {unknown}
 f - a scroll of fog {unknown}
 g - a scroll of enchant weapon {unknown}
Potions
 d - a potion of heal wounds {unknown}
 h - 2 potions of berserk rage {unknown}
 i - a potion of degeneration {unknown}


   Skills:
 * Level 1.5 Fighting
 - Level 1.1 Short Blades
 - Level 3.0 Dodging
 - Level 5.0 Stealth
 - Level 2.6 Spellcasting
 - Level 3.6 Hexes


You had 5 spell levels left.
You knew the following spells:

 Your Spells              Type           Power        Failure   Level
a - Corona                Hex            14%          4%          1

Your spell library contained the following spells:

 Spells                   Type           Power        Failure   Level
 Confusing Touch          Hex            13%          13%         3
 Tukima's Dance           Hex            13%          13%         3
 Ensorcelled Hibernation  Hex/Ice        14%          14%         2
 Dazzling Flash           Conj/Hex       14%          28%         3


Dungeon Overview and Level Annotations

Branches:
Dungeon (1/15)

Altars:

Annotations:
D:2 Natasha


Innate Abilities, Weirdness & Mutations

You are very small and have problems with some larger weapons.
You are too small for most types of armour.
You have supernaturally acute eyesight. (SInv)
You cover ground extremely quickly.


Message History

i - a murky silvery potion The adder misses you.
You enter the shallow water.
Moving in this stuff is going to be slow.
The adder misses you.
The frilled lizard bites you but does no damage.
Natasha howls an incantation.
You feel troubled. Natasha claws you. Natasha closely misses you.
The adder barely misses you. The white imp gestures at you.
The puff of frost hits you!
Ouch! That really hurt!
* * * LOW HITPOINT WARNING * * *
You see here a white potion.
The adder closely misses you. The white imp gestures at you.
The puff of frost hits you!
Ouch! That really hurt!
You die...

#....... #.# #.#
#...... #.# #.#
.S.. #$###.##
#.#######......#
#.S..#.........#
#.....#......####.#
...S..##.#......##
#[# ......
#.#.......###.#
##...
#.#.#@###.#...#
#...
#.#.#.......###
.... r.#.#!S.≈...#
.... ###.#5l≈≈≈..#
+.....h.≈.≈≈.#
#####......≈.#
#........#
#.......##
#########


You could see Natasha, an adder, a white imp (summoned) and a frilled lizard.

Vanquished Creatures
  A dart slug (D:1)
  A leopard gecko (D:1)
  A giant cockroach (D:1)
  A hobgoblin (D:1)
  5 jackals (D:1)
  3 bats (D:1)
  2 frilled lizards (D:1)
  2 rats (D:1)
16 creatures vanquished.

Notes
Turn   | Place    | Note
-------+----------+-------------------------------------------
     0 | D:1      | septik the Spriggan Enchanter began the quest for the Orb.
     0 | D:1      | Reached XP level 1. HP: 9/9 MP: 5/5
   629 | D:1      | Reached skill level 1 in Fighting
   629 | D:1      | Reached XP level 2. HP: 14/14 MP: 6/6
   937 | D:1      | Reached skill level 5 in Stealth
  1012 | D:1      | You fall into a shaft and drop 1 floor!
  1015 | D:2      | Noticed Natasha
  1049 | D:2      | Killed from afar by a white imp

Illustrated notes

Levels and vault maps discovered:
D:1:      dpeg_arrival_brainrot, layout_basic
D:2:      layout_basic, serial_corexii_hall, chequers_hall_statues_wall_a,
          corexii_hall_statues_i, dk_vineyard_3, uniq_natasha

Skill      XL: |  1  2 |
---------------+-------+-----
Fighting       | 1 |  1.5
Stealth        | 5 |  5.0
Short Blades   | |  1.1
Dodging        | |  3.0
Spellcasting   | |  2.6
Hexes          | |  3.6

Action                   || total
-------------------------++-------
Melee: Dagger            ||    70
 Cast: Corona            ||     4
 Stab: Sleeping          ||     5
Armor: Robe              ||    11
Dodge: Dodged            ||    71
